 Dungeon Crawl Stone Soup version 0.13-a0-2355-g3ca5c6e (webtiles) character file.

3518 Kae the Basher (level 9, -3/74 HPs)
             Began as a Minotaur Berserker on July 12, 2013.
             Was an Elder of Trog.
             Killed from afar by Fv001's ghost (23 damage)
             ... with a blast of negative energy
             ... on Level 9 of the Dungeon.
             The game lasted 00:14:05 (6817 turns).

Kae the Basher (Minotaur Berserker)                 Turns: 6817, Time: 00:14:05

HP  -3/74        AC 18     Str 23      XL: 9   Next: 69%
MP   3/3         EV  6     Int  6      God: Trog [****..]
Gold 241         SH  0     Dex 10      Spells:  0 memorised,  8 levels left

Res.Fire  : . . .   See Invis. : .   y - +1 whip (flame) (curse)
Res.Cold  : . . .   Warding    : .   G - +0 orc plate armour
Life Prot.: . . .   Conserve   : .   (no shield)
Res.Poison: +       Res.Corr.  : .   (helmet restricted)
Res.Elec. : .       Clarity    : .   w - +0 cloak {rPois}
Sust.Abil.: . .     Spirit.Shd : .   j - +2 pair of gloves
Res.Mut.  : .       Stasis     : +   O - +0 pair of boots
Res.Rott. : .       Flight     : .   F - amulet of stasis
Saprovore : . . .                    (no ring)
                                     n - ring of flight

@: regenerating, heavily drained, very resistant to hostile enchantments,
extremely unstealthy
A: retaliatory headbutt, horns 2
a: Burn Spellbooks, Berserk, Trog's Hand, Brothers in Arms, Renounce Religion,
Evoke Flight


You were on level 9 of the Dungeon.
You worshipped Trog.
Trog was extremely pleased with you.
You were hungry.

You visited 2 branches of the dungeon, and saw 10 of its levels.

You collected 290 gold pieces.
You spent 69 gold pieces at shops.

Inventory:

Hand weapons
 a - a +2,+3 mace
 m - a +2,+1 dire flail of protection
 y - a cursed +1,+1 whip of flaming (weapon)
Armour
 j - a +2 pair of gloves (worn)
 w - a +0 cloak of poison resistance (worn)
 G - a +0 orcish plate armour (worn)
 O - a +0 pair of boots (worn)
Magical devices
 t - a wand of digging (13)
 B - a wand of digging (23)
 C - a wand of magic darts (14)
 D - a wand of random effects (6) {unknown}
 H - a wand of disintegration (7)
Comestibles
 c - 5 bread rations
 q - 3 meat rations
 x - 2 pears
 z - an apple
Scrolls
 d - 2 scrolls of blinking
 l - a scroll of random uselessness
 o - 2 scrolls of fog
 E - 2 scrolls of amnesia {unknown}
 I - a scroll of magic mapping
 J - a scroll of enchant weapon I
 K - 2 scrolls of remove curse
 L - 2 scrolls of recharging
 N - a scroll of enchant armour {unknown}
Jewellery
 n - a ring of flight (left hand)
 p - an uncursed amulet of resist mutation
 F - an amulet of stasis (around neck)
 M - a +2 ring of strength {unknown}
Potions
 e - 4 potions of restore abilities
 f - a potion of mutation {unknown}
 g - 2 potions of flight
 h - a potion of heal wounds {unknown}
 i - 2 potions of degeneration {unknown}
 k - 5 potions of curing
 r - a potion of might {unknown}
 s - a potion of speed {unknown}
 u - a potion of invisibility {unknown}
 v - a potion of magic {unknown}
 A - a potion of agility {unknown}


   Skills:
 + Level 6.2(4.9) Fighting
 - Level 13.6(12.0) Maces & Flails
 * Level 7.7(6.3) Armour
 - Level 2.1(0.9) Dodging


You had 8 spell levels left.
You didn't know any spells.

Dungeon Overview and Level Annotations

Branches:
Dungeon (9/27)             Temple (1/1) D:7             Orc (0/4) D:8
   Lair: D:8-13

Altars:
Elyvilon
Kikubaaqudgha
Sif Muna
Trog
Xom

Shops:
D:6: * D:7: /

Annotations
D:9 Fv001's ghost, experienced DrFi


Innate Abilities, Weirdness & Mutations

You reflexively headbutt those who attack you in melee.
You have a pair of horns on your head.


Message History

Your skin crawls.
You feel resistant to hostile enchantments.
You feel slightly more hungry.
Fv001's ghost hits you but does no damage.
Unknown command.
You hit Fv001's ghost but do no damage.
You headbutt Fv001's ghost, but do no damage.
Fv001's ghost is moderately damaged.
Use which ability? (? or * to list)
Your blackened ivory amulet {tried} thrums violently and saps your rage.
You are wearing:
F - an amulet of stasis (around neck)
You are feeling hungry.
Fv001's ghost breathes negative energy at you.
The blast of negative energy hits you!
You feel drained.
* * * LOW HITPOINT WARNING * * *
Your plate armour prevents you from hitting Fv001's ghost.
Fv001's ghost is moderately damaged.
Fv001's ghost breathes negative energy at you.
The blast of negative energy hits you!
You feel drained.
You die...

. #.## .....#
..8.8..## ....8..
##. ....#######
.... #.p........
#.## ##@.#
#..#####..##
#........##
#.....[.## #####
#.......# ....#
#.......#
#...####.......###
............<.....
#.<.####.......###


You could see Fv001's ghost.

Vanquished Creatures
  The ghost of tesudzi the Covert, an experienced FeSk of Nemelex Xobeh (D:8)
  Prince Ribbit (D:6)
  Eustachio (D:6)
  Edmund (D:5)
  2 phantoms
  An ice beast (D:5)
  A black bear (D:7)
  An ogre (D:3)
  An orc warrior (D:6)
  A centaur (D:8)
  8 big kobolds (D:7)
  A gnoll sergeant (D:6)
  A brain worm (D:8)
  3 giant frogs
  A goliath beetle (D:7)
  A yak skeleton (D:8)
  A crimson imp (D:7)
  A giant frog zombie (D:6)
  3 wights (D:6)
  2 hounds
  Crazy Yiuf (D:3)
  2 orc priests
  A water moccasin zombie (D:5)
  2 worker ants
  2 iguanas
  A black bear skeleton (D:8)
  3 orc wizards
  A jelly (D:6)
  Terence (D:2)
  6 adders
  8 gnolls (D:6)
  3 worms
  2 giant mites
  An adder skeleton (D:4)
  4 giant geckos
  4 oozes
  20 orcs
  3 ball pythons
  7 bats
  2 bat zombies
  6 goblins
  13 hobgoblins
  9 jackals
  3 quokkas
  2 giant cockroaches
  7 giant newts
  A hobgoblin zombie (D:5)
  30 kobolds
  An orc zombie (D:6)
  14 rats
  A rat zombie (D:7)
194 creatures vanquished.

Vanquished Creatures (others)
  A goblin (D:6)
  2 jackals (D:1)
  A rat (D:2)
4 creatures vanquished.

Grand Total: 198 creatures vanquished

Notes
Turn   | Place    | Note
--------------------------------------------------------------
     0 | D:1      | Kae, the Minotaur Berserker, began the quest for the Orb.
     0 | D:1      | Reached XP level 1. HP: 19/19 MP: 0/0
   282 | D:1      | Reached skill level 4 in Maces & Flails
   320 | D:1      | Reached XP level 2. HP: 17/26 MP: 0/0
   472 | D:1      | Acquired Trog's second power
   631 | D:1      | Reached skill level 5 in Maces & Flails
   835 | D:2      | Reached XP level 3. HP: 30/33 MP: 1/1
   837 | D:2      | Found a deep blue altar of Sif Muna.
   841 | D:2      | Found an ancient bone altar of Kikubaaqudgha.
  1377 | D:2      | Noticed Terence
  1409 | D:2      | Killed Terence
  1409 | D:2      | Reached skill level 6 in Maces & Flails
  1409 | D:2      | Reached XP level 4. HP: 39/39 MP: 1/1
  1802 | D:3      | Noticed an ogre
  1813 | D:3      | Killed an ogre
  1813 | D:3      | Reached skill level 7 in Maces & Flails
  1813 | D:3      | Reached XP level 5. HP: 46/46 MP: 1/1
  1876 | D:3      | Noticed a phantom
  1916 | D:3      | Killed a phantom
  1916 | D:3      | Reached skill level 8 in Maces & Flails
  1916 | D:3      | Reached XP level 6. HP: 23/52 MP: 2/2
  2359 | D:3      | Noticed Crazy Yiuf
  2366 | D:3      | Killed Crazy Yiuf
  2891 | D:4      | Reached skill level 9 in Maces & Flails
  3265 | D:4      | Found a bloodstained altar of Trog.
  3471 | D:5      | Entered Level 5 of the Dungeon
  3484 | D:5      | Noticed Edmund
  3497 | D:5      | Killed Edmund
  3497 | D:5      | Reached XP level 7. HP: 53/59 MP: 2/2
  3566 | D:5      | Reached skill level 10 in Maces & Flails
  3689 | D:5      | Found a white marble altar of Elyvilon.
  4305 | D:6      | Noticed Prince Ribbit
  4318 | D:6      | Reached skill level 11 in Maces & Flails
  4325 | D:6      | Killed Prince Ribbit
  4325 | D:6      | Reached XP level 8. HP: 65/66 MP: 2/2
  4407 | D:6      | Reached skill level 12 in Maces & Flails
  4462 | D:6      | Noticed Eustachio
  4496 | D:6      | Killed Eustachio
  4658 | D:6      | Found a bloodstained altar of Trog.
  4717 | D:6      | Acquired Trog's third power
  4895 | D:6      | Reached skill level 13 in Maces & Flails
  4981 | D:6      | Found Stymuof's Assorted Antiques.
  4993 | D:6      | Bought a scroll labeled ERAUJA TUYNU for 25 gold pieces
  4993 | D:6      | Bought a green potion for 22 gold pieces
  4993 | D:6      | Bought a bubbling white potion for 22 gold pieces
  5548 | D:7      | Reached XP level 9. HP: 64/72 MP: 3/3
  5620 | D:7      | Found a shimmering altar of Xom.
  5636 | D:7      | Found a staircase to the Ecumenical Temple.
  5652 | Temple   | Entered the Ecumenical Temple
  5662 | D:7      | Found Ibluche's Magical Wand Emporium.
  5866 | D:7      | Reached skill level 5 in Armour
  5873 | D:7      | Reached skill level 5 in Fighting
  6476 | D:8      | Found a staircase to the Orcish Mines.
  6497 | D:8      | Noticed tesudzi's ghost (experienced FeSk)
  6515 | D:8      | Killed tesudzi's ghost
  6792 | D:9      | Noticed Fv001's ghost (experienced DrFi)
  6817 | D:9      | Killed from afar by Fv001's ghost

Action                   |  1- 3 |  4- 6 |  7- 9 || total
-------------------------+-------+-------+-------++-------
Melee: Mace              |   117 |   148 |   138 ||   403
       Dire flail        |       |       |    62 ||    62
       Whip              |       |       |   252 ||   252
Invok: Berserk           |     2 |     2 |     5 ||     9
       Trog's Hand       |       |     3 |    10 ||    13
Evoke: Wand              |       |       |     2 ||     2
  Use: Scroll            |       |       |    25 ||    25
